 Dungeon Crawl Stone Soup version 0.22-a0-247-gbddf880 (webtiles) character file.

1761 mortelune the Chiller (level 8, -2/52 HPs)
             Began as a Demonspawn Ice Elementalist on Feb 23, 2018.
             Was an Initiate of Ashenzari.
             Slain by Menkaure (11 damage)
             ... on level 6 of the Dungeon.
             The game lasted 00:24:20 (13433 turns).

mortelune the Chiller (DsIE)                       Turns: 13433, Time: 00:24:21

Health: -2/52      AC: 14    Str:  8    XL:     8   Next: 79%
Magic:  0/16       EV: 12    Int: 23    God:    Ashenzari [......]
Gold:   396        SH:  0    Dex: 15    Spells: 4/18 levels left

rFire    + . .     SeeInvis .   p - +0 flail
rCold    + + .     Gourm    .   (no shield)
rNeg     . . .     Faith    .   f - +2 leather armour {rC+}
rPois    +         Spirit   .   (no helmet)
rElec    +         Reflect  .   (no cloak)
rCorr    +         Harm     .   (gloves unavailable)
MR       .....                  x - +0 pair of boots (curse)
Stlth    +++.......             (no amulet)
HPRegen  0.17/turn              (no ring)
MPRegen  0.15/turn              (no ring)

@: brilliant, icy armour, resistant, slow
A: claws 3, nightstalker 1, powered by death 1, sturdy frame 1
a: Curse Item, Renounce Religion


You were on level 6 of the Dungeon.
You worshipped Ashenzari.
Ashenzari was noncommittal.
You were hungry.

You visited 1 branch of the dungeon, and saw 7 of its levels.

You collected 396 gold pieces.

Inventory:

Hand Weapons
 h - a +0 club
 p - a +0 flail (weapon)
Missiles
 q - a throwing net (quivered)
 r - 7 curare-tipped needles
Armour
 f - a +2 leather armour of cold resistance (worn)
 x - a cursed +0 pair of boots (worn)
Wands
 g - a wand of random effects (23)
Scrolls
 c - a scroll of random uselessness {unknown}
 e - 2 scrolls of fog
 i - a scroll of immolation
 k - a scroll of amnesia {unknown}
 l - a scroll of magic mapping
 n - a scroll of enchant armour {unknown}
 u - a scroll of identify
 w - a scroll of enchant weapon {unknown}
Potions
 d - 4 potions of degeneration
 m - a potion of mutation
 o - 2 potions of flight
 v - a potion of agility {unknown}
 z - a potion of curing {unknown}
Comestibles
 b - 6 rations


   Skills:
 - Level 1.7 Dodging
 - Level 1.7 Stealth
 + Level 5.5 Spellcasting
 + Level 5.5 Conjurations
 * Level 7.9 Ice Magic


You had 4 spell levels left.
You knew the following spells:

 Your Spells              Type           Power        Failure   Level  Hunger
a - Freeze                Ice            ####         1%          1    None
b - Throw Frost           Conj/Ice       ######       1%          2    None
c - Ozocubu's Armour      Chrm/Ice       #####...     1%          3    ##.....
d - Throw Icicle          Conj/Ice       ######..     1%          4    ####...
e - Summon Ice Beast      Ice/Summ       #####...     2%          4    ####...


Dungeon Overview and Level Annotations

Branches:
Dungeon (7/15)             Temple (0/1) D:5

Altars:
Ashenzari
Dithmenos

Shops:
D:4 (

Annotations:
D:6 Menkaure


Innate Abilities, Weirdness & Mutations

You have claws for hands.
You are slightly more attuned to the shadows.
You regenerate a little health from kills.
Your movements are slightly less encumbered by armour. (ER -2)


Message History

Menkaure is heavily damaged.
Menkaure calls on the powers of darkness!
Your body is wracked with pain!
* * * LOW HITPOINT WARNING * * *
Menkaure barely misses you. Menkaure barely misses you.
Menkaure hits you but does no damage.
Menkaure grins.
Menkaure closely misses you. Menkaure barely misses you.
Menkaure calls on the powers of darkness!
Your body is wracked with pain!
* * * LOW HITPOINT WARNING * * *
Your magical contamination has completely faded away.
Menkaure barely misses you. Menkaure barely misses you.
Casting: Ozocubu's Armour (safe; 1% risk of failure)
Confirm with . or Enter, or press ? or * to list all spells.
A chill wind blows around you. Menkaure hits you!
You die...

.........'.....#..............'..
.........#.....#..............#..
.........#######..............###
#'##.......#...#....######.......
#..#.......#...#....#....#.......
#..#.......'...#....'....+.......
#.)#.......#...#....#....#.......
#..#.......#.[.#M...#....#.......
#'##.......#####@...#..###.......
.........###.#.Y....#..####'#....
.........#...#......#.......#....
........)#...#......#.......#....
.........#...#......#.......#....
.........#...'......#.......'....
.........#####......##.####.#....
##'##................#.####'###..
#...#................#....#...#..


You could see Menkaure and a friendly ice beast.

Vanquished Creatures
  A black bear (D:6)
  2 centaurs (D:7)
  2 bullfrogs (D:6)
  A scorpion (D:6)
  2 howler monkeys (D:4)
  3 crimson imps
  A bullfrog zombie (D:5)
  4 hounds
  A bullfrog skeleton (D:6)
  A centaur skeleton (D:6)
  5 orc priests
  A jelly (D:6)
  2 iguanas
  4 worker ants
  7 orc wizards
  A howler monkey zombie (D:5)
  A howler monkey skeleton (D:4)
  10 gnolls
  12 adders
  3 adder skeletons
  4 worms (D:2)
  A dart slug (D:1)
  4 leopard geckos
  18 orcs
  5 bats
  3 giant cockroaches
  5 goblins
  6 hobgoblins
  7 kobolds
  5 quokkas
  3 ball pythons
  11 frilled lizards
  A quokka skeleton (D:6)
  4 rats
141 creatures vanquished.

Vanquished Creatures (collateral kills)
  A phantom (D:7)
1 creature vanquished.

Grand Total: 142 creatures vanquished

Notes
Turn   | Place    | Note
-------+----------+-------------------------------------------
     0 | D:1      | mortelune the Demonspawn Ice Elementalist began the quest for the Orb.
     0 | D:1      | Reached XP level 1. HP: 13/13 MP: 3/3
   511 | D:1      | Reached skill level 3 in Ice Magic
   736 | D:1      | Gained mutation: You regenerate a little health from kills. [demonic ancestry]
   736 | D:1      | Reached XP level 2. HP: 19/19 MP: 1/5
   740 | D:1      | Learned a level 2 spell: Throw Frost
  1719 | D:1      | Gained mutation: You have sharp fingernails. [demonic ancestry]
  1719 | D:1      | Reached XP level 3. HP: 24/24 MP: 2/6
  2111 | D:2      | Learned a level 3 spell: Ozocubu's Armour
  3401 | D:2      | Gained mutation: Your movements are slightly less encumbered by armour. (ER -2) [demonic ancestry]
  3401 | D:2      | Reached XP level 4. HP: 16/30 MP: 3/8
  4526 | D:3      | Reached skill level 4 in Ice Magic
  5190 | D:3      | Gained mutation: You have very sharp fingernails. [demonic ancestry]
  5190 | D:3      | Reached XP level 5. HP: 35/35 MP: 5/9
  6620 | D:4      | Noticed a phantom
  6698 | D:4      | Learned a level 4 spell: Throw Icicle
  6752 | D:4      | Gained mutation: You are slightly more attuned to the shadows. [demonic ancestry]
  6752 | D:4      | Reached XP level 6. HP: 41/41 MP: 5/11
  7364 | D:4      | Found Cufavuos's Weapon Emporium.
  7371 | D:4      | Reached skill level 5 in Ice Magic
  7843 | D:4      | Gained mutation: You have claws for hands. [demonic ancestry]
  7843 | D:4      | Reached XP level 7. HP: 11/46 MP: 1/13
  8538 | D:4      | Found a shattered altar of Ashenzari.
  8546 | D:4      | Became a worshipper of Ashenzari the Shackled
  8962 | D:5      | Entered Level 5 of the Dungeon
  9549 | D:5      | Reached skill level 6 in Ice Magic
 10442 | D:5      | Found a staircase to the Ecumenical Temple.
 10754 | D:6      | Reached XP level 8. HP: 47/52 MP: 3/15
 10844 | D:6      | Learned a level 4 spell: Summon Ice Beast
 11308 | D:6      | Reached skill level 5 in Spellcasting
 11308 | D:6      | Reached skill level 7 in Ice Magic
 11942 | D:6      | Reached skill level 5 in Conjurations
 12174 | D:6      | Found a shadowy altar of Dithmenos.
 13209 | D:7      | Noticed a hippogriff
 13332 | D:7      | Noticed Menkaure
 13433 | D:6      | Slain by Menkaure

Vault maps used:
D:1:      shiori_arrival_oz, minmay_pentomino_q2
D:2:      minmay_lizard_king
D:3:      wad_lake_hut, first_ration
D:4:      serial_shops, nicolae_shop_waterfront, grunt_ministairs_11,
          evilmike_ruin_ashenzari
D:5:      minmay_temple_entry_mist
D:6:      nicolae_dithmenos_the_darkroom
D:7:      uniq_menkaure

Skill      XL: |  1  2  3  4  5  6  7  8 |
---------------+-------------------------+-----
Ice Magic      | 3 4 5 6 7 |  7.9
Spellcasting   | 3 4 5 |  5.5
Conjurations   | 2 3 4 5 |  5.5
Dodging        | |  1.7
Stealth        | |  1.7

Action                   |  1- 3 |  4- 6 |  7- 9 || total
-------------------------+-------+-------+-------++-------
Melee: Unarmed           |    12 |       |       ||    12
       Club              |     8 |       |       ||     8
       Flail             |       |    15 |    75 ||    90
 Cast: Freeze            |    64 |    79 |    73 ||   216
       Throw Frost       |    18 |    48 |    75 ||   141
       Ozocubu's Armour  |       |     1 |    12 ||    13
       Throw Icicle      |       |       |    14 ||    14
       Summon Ice Beast  |       |       |     3 ||     3
Invok: Curse Item        |       |       |     1 ||     1
  Use: Scroll            |       |     7 |     4 ||    11
       Potion            |       |       |     3 ||     3
 Stab: Sleeping          |       |       |     1 ||     1
  Eat: Chunk             |     9 |     8 |    16 ||    33
       Ration            |       |     2 |     2 ||     4
Armor: Robe              |     4 |     7 |       ||    11
       Leather armour    |       |     3 |    56 ||    59
Dodge: Dodged            |    39 |    56 |    96 ||   191

Table legend:
 A = Spawn XP
 B = Non-spawn XP
 C = Spawn XP percentage of total XP
 D = Spawn monster count
 E = Non-spawn monster count
 F = Spawn count percentage of total count
 G = Total turns spent on level
                    A         B        C        D         E        F      G
               +---------+---------+-------+---------+---------+-------+---------
         Total |       0 |    2516 |   0.0 |       0 |     142 |   0.0 | 13433
               +---------+---------+-------+---------+---------+-------+---------
           D:1 |       0 |      48 |   0.0 |       0 |      21 |   0.0 |  2202
           D:2 |       0 |     111 |   0.0 |       0 |      30 |   0.0 |  2526
           D:3 |       0 |     140 |   0.0 |       0 |      17 |   0.0 |  1891
           D:4 |       0 |     554 |   0.0 |       0 |      25 |   0.0 |  2352
           D:5 |       0 |     367 |   0.0 |       0 |      14 |   0.0 |  1697
           D:6 |       0 |     877 |   0.0 |       0 |      27 |   0.0 |  2417
           D:7 |       0 |     419 |   0.0 |       0 |       8 |   0.0 |   348
               +---------+---------+-------+---------+---------+-------+---------
